 Dungeon Crawl Stone Soup version 0.22-a0-305-gd21a89c (webtiles) character file.

12693 xccam the Cleaver (level 12, -3/91 HPs)
             Began as a Formicid Fighter on Mar 30, 2018.
             Was a High Priest of Cheibriados.
             Slain by a seven-headed hydra (6 damage)
             ... on level 1 of the Lair of Beasts.
             The game lasted 00:21:51 (11230 turns).

xccam the Cleaver (Formicid Fighter)               Turns: 11230, Time: 00:21:52

Health: -3/91      AC: 12    Str: 34    XL:     12   Next: 23%
Magic:  17/17      EV: 15    Int: 21    God:    Cheibriados [*****.]
Gold:   437        SH: 14    Dex: 22    Spells: 11/11 levels left

rFire    . . .     SeeInvis +   p - +0 executioner's axe (flame)
rCold    . . .     Gourm    .   c - +0 shield
rNeg     . . .     Faith    .   b - +0 scale mail
rPois    .         Spirit   .   (helmet unavailable)
rElec    .         Reflect  .   (no cloak)
rCorr    .         Harm     .   A - +2 pair of gloves
MR       ++...                  (no boots)
Stlth    ..........             (no amulet)
HPRegen  0.25/turn              n - ring of wizardry
MPRegen  0.15/turn              (no ring)

@: lethally poisoned (-3 -> -9), very slow
A: permanent stasis, dig shafts and tunnels, four strong arms, antennae 3, magic
resistance 1, screaming 1
a: Dig, Shaft Self, Bend Time, Temporal Distortion, Slouch, Step From Time,
Renounce Religion


You were on level 1 of the Lair of Beasts.
You worshipped Cheibriados.
Cheibriados was extremely pleased with you.
You were not hungry.

You visited 2 branches of the dungeon, and saw 12 of its levels.

You collected 437 gold pieces.

Inventory:

Hand Weapons
 a - a +0 war axe
 p - a +0 executioner's axe of flaming (weapon)
Armour
 b - a +0 scale mail (worn)
 c - a +0 shield (worn)
 A - a +2 pair of gloves (worn)
Jewellery
 n - a ring of wizardry (left hand)
 D - an uncursed ring of wizardry
Wands
 g - a wand of enslavement (14)
 o - a wand of scattershot (8)
 s - a wand of disintegration (8)
 t - a wand of polymorph (27)
 C - a wand of clouds (4)
Scrolls
 e - a scroll of immolation {unknown}
 k - 8 scrolls of remove curse
 l - 2 scrolls of fear
 r - 3 scrolls of enchant weapon
 u - 2 scrolls of fog {unknown}
 x - 2 scrolls of amnesia
 z - a scroll of summoning {unknown}
Potions
 h - a potion of agility
 j - a potion of magic
 q - a potion of mutation
 v - a potion of invisibility
Comestibles
 f - 9 rations


   Skills:
 - Level 7.2 Fighting
 + Level 11.3 Axes
 - Level 10.2 Armour
 - Level 5.3 Dodging
 - Level 9.1 Shields
 - Level 7.0 Invocations


You had 11 spell levels left.
You didn't know any spells.

Dungeon Overview and Level Annotations

Branches:
Dungeon (11/15)            Temple (0/1) D:5            Lair (1/6) D:9
    Orc: D:9-12

Altars:
Ashenzari
Cheibriados
Fedhas
Gozag
Hepliaklqana
Makhleb
Okawaru
Qazlal
Ru
Sif Muna
The Shining One

Annotations:
D:10 1 runed door


Innate Abilities, Weirdness & Mutations

You cannot be hasted, slowed, berserked, paralysed or teleported.
You can dig through walls and to a lower floor.
Your four strong arms can wield two-handed weapons with a shield.
You have a pair of large antennae on your head. (SInv)
You are resistant to hostile enchantments. (MR+)
You occasionally shout uncontrollably at your foes.


Message History

The seven-headed hydra bites you!
* * * LOW HITPOINT WARNING * * *
The seven-headed hydra barely misses you.
You block the seven-headed hydra's attack.
The seven-headed hydra bites you but does no damage.
The seven-headed hydra bites you!
* * * LOW HITPOINT WARNING * * *
The seven-headed hydra bites you but does no damage.
The seven-headed hydra closely misses you.
You barely miss the seven-headed hydra.
The seven-headed hydra is heavily wounded.
You feel sick.
The seven-headed hydra closely misses you.
The seven-headed hydra barely misses you.
The seven-headed hydra bites you but does no damage.
The seven-headed hydra bites you.
* * * LOW HITPOINT WARNING * * *
The seven-headed hydra bites you but does no damage. x2
The seven-headed hydra bites you.
You die...

..)....# ##.#.P....P.P..
.$. .....###
#..#P.......... . )....#
#....PP.P.P...P #..###
#§§§§.....P.. ## ####
#§§P§P.P.... .#
##§§§§P...... #####.##
.##.§P§§.PPPPPP ........
......§D.## #......
.......@.## ###...(..
.........)# ####.+......
.........## #...........
)..[......###.####......
...............# #......
..........###P## #####÷.
.####.#P### ### ###...#
##### #...##. #####
##+.####


You could see a seven-headed hydra.

Vanquished Creatures
  Harold (Lair:1)
  3 hydras (Lair:1)
  A centaur warrior (D:10)
  2 two-headed ogres (D:11)
  A black mamba (Lair:1)
  4 spiny frogs (Lair:1)
  A troll (D:11)
  2 wyverns
  Sigmund (D:2)
  A wraith (D:11)
  Eustachio (D:4)
  5 yaks (Lair:1)
  2 wargs (D:9)
  2 hungry ghosts
  A porcupine (Lair:1)
  3 water moccasins
  2 ice beasts
  3 orc warriors
  3 sky beasts
  A phantom (D:10)
  An eye of draining (D:11)
  An ogre (D:5)
  3 centaurs
  The ghost of CasualChangeling the Skirmisher, an amateur KoFi (D:3)
  2 big kobolds
  7 bullfrogs
  A wyvern skeleton (D:7)
  5 killer bees (D:8)
  4 scorpions
  3 wights (D:7)
  5 crimson imps
  A quasit (D:5)
  4 hounds
  2 jellies
  5 orc priests
  12 orc wizards
  2 bullfrog skeletons
  3 centaur skeletons
  4 iguanas
  4 worker ants
  A killer bee zombie (D:8)
  A hound skeleton (D:8)
  A howler monkey zombie (D:8)
  A worker ant zombie (D:8)
  10 adders
  2 howler monkey skeletons
  4 shadow imps
  An ooze (D:4)
  An adder zombie (D:8)
  An adder skeleton (D:6)
  3 worms
  2 dart slugs
  4 leopard geckos
  36 orcs
  2 giant cockroaches
  8 goblins
  8 hobgoblins
  12 jackals
  17 kobolds
  3 quokkas
  2 ball pythons (D:2)
  3 bats
  3 frilled lizards
  A jackal skeleton (D:4)
  10 rats
  A bush (Lair:1)
248 creatures vanquished.

Vanquished Creatures (others)
  38 bushes (Lair:1)
  4 fungi (Lair:1)
42 creatures vanquished.

Grand Total: 290 creatures vanquished

Notes
Turn   | Place    | Note
-------+----------+-------------------------------------------
     0 | D:1      | xccam the Formicid Fighter began the quest for the Orb.
     0 | D:1      | Reached XP level 1. HP: 18/18 MP: 1/1
   101 | D:1      | Reached XP level 2. HP: 22/24 MP: 2/2
   275 | D:1      | Reached skill level 3 in Axes
   617 | D:2      | Reached XP level 3. HP: 29/29 MP: 3/3
   873 | D:2      | Found a faded altar of an unknown god.
   916 | D:2      | Reached skill level 4 in Axes
   916 | D:2      | Reached XP level 4. HP: 32/35 MP: 4/4
   925 | D:2      | Found a sacrificial altar of Ru.
  1050 | D:2      | Noticed Sigmund
  1058 | D:2      | Killed Sigmund
  1058 | D:2      | Reached skill level 6 in Axes
  1058 | D:2      | Reached XP level 5. HP: 39/41 MP: 5/5
  1058 | D:2      | Reached XP level 6. HP: 45/47 MP: 6/6
  1677 | D:3      | Noticed CasualChangeling's ghost (amateur KoFi)
  1697 | D:3      | Killed CasualChangeling's ghost
  1697 | D:3      | Reached skill level 7 in Axes
  1697 | D:3      | Reached XP level 7. HP: 38/52 MP: 7/7
  1720 | D:3      | Found a glowing golden altar of the Shining One.
  1817 | D:3      | Found a snail-covered altar of Cheibriados.
  1922 | D:3      | Became a worshipper of Cheibriados the Contemplative
  2256 | D:4      | Noticed Eustachio
  2580 | D:4      | Gained mutation: Scrolls take you a little longer to read. [potion of mutation]
  2580 | D:4      | Gained mutation: Your body sometimes deteriorates upon taking damage. [potion of mutation]
  2580 | D:4      | Gained mutation: You are dopey. (Int -2) [potion of mutation]
  2580 | D:4      | Gained mutation: You expend magic power (3 MP) to strengthen your wands. [potion of mutation]
  2581 | D:4      | Lost mutation: You expend magic power (3 MP) to strengthen your wands. [potion of mutation]
  2581 | D:4      | Lost mutation: You are dopey. (Int -2) [potion of mutation]
  2581 | D:4      | Lost mutation: Your body sometimes deteriorates upon taking damage. [potion of mutation]
  2581 | D:4      | Lost mutation: Scrolls take you a little longer to read. [potion of mutation]
  2581 | D:4      | Gained mutation: You occasionally shout uncontrollably at your foes. [potion of mutation]
  2581 | D:4      | Gained mutation: You are resistant to hostile enchantments. (MR+) [potion of mutation]
  2605 | D:4      | Killed Eustachio
  2605 | D:4      | Reached skill level 8 in Axes
  2809 | D:4      | Reached * piety under Cheibriados
  2858 | D:4      | Found an opulent altar of Gozag.
  2937 | D:5      | Entered Level 5 of the Dungeon
  3014 | D:5      | Reached skill level 5 in Shields
  3014 | D:5      | Reached XP level 8. HP: 55/58 MP: 8/8
  3486 | D:5      | Found a staircase to the Ecumenical Temple.
  3777 | D:6      | Found a stormy altar of Qazlal.
  3791 | D:6      | Found a blossoming altar of Fedhas.
  3792 | D:6      | Found a shattered altar of Ashenzari.
  3792 | D:6      | Found a burning altar of Makhleb.
  3794 | D:6      | Found a deep blue altar of Sif Muna.
  3856 | D:6      | Reached XP level 9. HP: 23/64 MP: 9/9
  3858 | D:6      | Reached ** piety under Cheibriados
  4379 | D:6      | Found a hazy altar of Hepliaklqana.
  4568 | D:7      | Reached skill level 5 in Armour
  4963 | D:7      | Reached *** piety under Cheibriados
  5122 | D:8      | Reached skill level 1 in Invocations
  5498 | D:8      | Reached skill level 1 in Dodging
  5580 | D:8      | Reached XP level 10. HP: 68/71 MP: 11/11
  5753 | D:8      | Reached **** piety under Cheibriados
  6509 | D:9      | Reached skill level 5 in Invocations
  6533 | D:9      | Found a staircase to the Lair.
  6789 | D:9      | Found an iron altar of Okawaru.
  7079 | D:10     | Entered Level 10 of the Dungeon
  7093 | D:10     | Reached ***** piety under Cheibriados
  7380 | D:10     | Noticed a centaur warrior
  7396 | D:10     | Killed a centaur warrior
  7396 | D:10     | Reached skill level 5 in Fighting
  7717 | D:10     | Found a runed door.
  7717 | D:10     | Noticed a storm dragon
  7719 | D:10     | Noticed a yaktaur captain
  7719 | D:10     | Noticed a stone giant
  7719 | D:10     | Noticed a frost giant
  7719 | D:10     | Noticed a deep troll
  7719 | D:10     | Noticed a sphinx
  7955 | D:11     | Noticed a two-headed ogre
  7960 | D:11     | Killed a two-headed ogre
  7960 | D:11     | Reached skill level 9 in Axes
  7960 | D:11     | Reached XP level 11. HP: 59/80 MP: 14/16
  8017 | D:11     | Noticed a two-headed ogre
  8027 | D:11     | Killed a two-headed ogre
  9232 | Lair:1   | Entered Level 1 of the Lair of Beasts
  9263 | Lair:1   | Noticed a four-headed hydra
  9271 | Lair:1   | Killed a one-headed hydra
  9293 | Lair:1   | Noticed an eight-headed hydra
  9301 | Lair:1   | HP: 1/83 [eight-headed hydra (7)]
  9863 | Lair:1   | Reached skill level 10 in Armour
 10117 | Lair:1   | Reached skill level 5 in Dodging
 10260 | Lair:1   | Noticed Harold
 10278 | Lair:1   | Killed Harold
 10384 | Lair:1   | Identified a scroll of acquirement
 10408 | Lair:1   | Reached skill level 10 in Axes
 10465 | Lair:1   | Reached XP level 12. HP: 11/91 MP: 17/17
 10810 | Lair:1   | Noticed a four-headed hydra
 10816 | Lair:1   | Killed a one-headed hydra
 10898 | Lair:1   | Killed a four-headed hydra
 10898 | Lair:1   | Reached skill level 11 in Axes
 11222 | Lair:1   | Noticed an eight-headed hydra
 11230 | Lair:1   | HP: 3/91 [seven-headed hydra (5)]
 11230 | Lair:1   | Slain by a seven-headed hydra

Vault maps used:
D:1:      lemuel_arrival_room, grunt_decor_mini_mirrors
D:2:      first_ration, chequers_ecumenical_altar_simple_redux,
          nicolae_ru_great_annihilating_truth, uniq_sigmund
D:3:      kennysheep_slug_shrine, tso_metal_star
D:4:      kennysheep_little_box, mrwooster_statue_mirror, uniq_eustachio
D:5:      minmay_temple_entry_poolview
D:6:      grunt_temple_overflow_open, lemuel_crystal_altar,
          nicolae_overflow_hidden_temple
D:9:      overflow_temple_1_default, erik_lair_orcish_takeover
D:10:     minmay_gate_of_8
Lair:1:   minmay_hedge_maze, uniq_harold

Skill      XL: |  1  2  3  4  5  6  7  8  9 10 11 12 |
---------------+-------------------------------------+-----
Axes           | 3 4 6 7 8 9 10 11 | 11.3
Shields        | 5 9 |  9.1
Armour         | 8 9 10 | 10.2
Invocations    | 2 6 7 |  7.0
Dodging        | 1 3 5 |  5.3
Fighting       | 5 7 |  7.2

Action                   |  1- 3 |  4- 6 |  7- 9 | 10-12 || total
-------------------------+-------+-------+-------+-------++-------
Melee: War axe           |    95 |    95 |   455 |   385 ||  1030
       Hand axe          |       |       |       |     9 ||     9
       Executioner's axe |       |       |       |    12 ||    12
Invok: Step From Time    |       |       |       |     1 ||     1
Evoke: Wand              |       |       |       |     4 ||     4
  Use: Potion            |       |     1 |    10 |     5 ||    16
       Scroll            |       |       |     5 |     7 ||    12
 Stab: Paralysed         |       |     1 |       |       ||     1
       Distracted        |       |       |       |     1 ||     1
  Eat: Chunk             |       |     3 |     5 |     8 ||    16
       Ration            |       |       |     1 |     2 ||     3
Armor: Scale mail        |    39 |    40 |   164 |    97 ||   340
       Skin              |       |       |     2 |    18 ||    20
Dodge: Dodged            |    23 |    33 |   148 |   184 ||   388
Block: Shield            |    46 |    52 |   301 |   274 ||   673

Table legend:
 A = Spawn XP
 B = Non-spawn XP
 C = Spawn XP percentage of total XP
 D = Spawn monster count
 E = Non-spawn monster count
 F = Spawn count percentage of total count
 G = Total turns spent on level
                    A         B        C        D         E        F      G
               +---------+---------+-------+---------+---------+-------+---------
         Total |       0 |   18134 |   0.0 |       0 |     247 |   0.0 | 11230
               +---------+---------+-------+---------+---------+-------+---------
           D:1 |       0 |      27 |   0.0 |       0 |      16 |   0.0 |   608
           D:2 |       0 |     298 |   0.0 |       0 |      18 |   0.0 |   686
           D:3 |       0 |     248 |   0.0 |       0 |      29 |   0.0 |  1111
           D:4 |       0 |     433 |   0.0 |       0 |      18 |   0.0 |   532
           D:5 |       0 |     677 |   0.0 |       0 |      10 |   0.0 |   818
           D:6 |       0 |     508 |   0.0 |       0 |      24 |   0.0 |   827
           D:7 |       0 |    1143 |   0.0 |       0 |      24 |   0.0 |   556
           D:8 |       0 |    1441 |   0.0 |       0 |      32 |   0.0 |  1060
           D:9 |       0 |     889 |   0.0 |       0 |      18 |   0.0 |   897
          D:10 |       0 |    2041 |   0.0 |       0 |      20 |   0.0 |   872
          D:11 |       0 |    3138 |   0.0 |       0 |      22 |   0.0 |  1265
        Lair:1 |       0 |    7291 |   0.0 |       0 |      16 |   0.0 |  1998
               +---------+---------+-------+---------+---------+-------+---------
